 Dungeon Crawl Stone Soup version 0.18.1-48-g4cf74bf (webtiles) character file.

274923 Mesmaeker13 the Warrior (level 19, -2/174 HPs)
             Began as a Demonspawn Gladiator on July 6, 2016.
             Was a High Priest of Okawaru.
             Slain by a deep elf blademaster
             ... wielding a +0 rapier
              (11 damage)
             ... on level 2 of the Elven Halls.
             The game lasted 03:10:28 (48046 turns).

Mesmaeker13 the Warrior (Demonspawn Gladiator)     Turns: 48046, Time: 03:10:29

Health: -2/174     AC: 19    Str: 21    XL:     19   Next: 54%
Magic:  0/26       EV: 20    Int: 16    God:    Okawaru [*****.]
Gold:   3101       SH: 11    Dex: 15    Spells: 3 memorised, 7 levels left

rFire  + . .     SeeInvis +     Q - +4 demon trident (pierce)
rCold  + . .     Gourm    .     a - +3 scale mail of Ixaduaveog {rF+}
rNeg   + . .     Faith    .     v - +1 buckler {rC+}
rPois  +         Spirit   +     (helmet unavailable)
rElec  +         Dismiss  .     j - +1 cloak {+Inv}
rCorr  .         Reflect  +     p - +2 pair of gloves
SustAt .         Harm     .     E - +1 pair of boots of the Slorg {rN+ Slay+5, Von Dutch}
MR     ++...                    J - +4 amulet of reflection
Stlth  ..........               y - ring "Fiankoahuo" {rElec MR+ Str+3 Int+4}
                                K - ring of poison resistance

@: very slightly contaminated, regenerating, very resistant to hostile
enchantments, extremely unstealthy
A: antennae 3, demonic guardian 1, dopey 1, robust 1, magic shield, magic
regeneration, magic link, sturdy frame 3
a: Heroism, Finesse, Renounce Religion, Evoke Invisibility
}: 2/15 runes: decaying, gossamer


You were on level 2 of the Elven Halls.
You worshipped Okawaru.
Okawaru was extremely pleased with you.
You were not hungry.

You visited 7 branches of the dungeon, and saw 37 of its levels.
You visited 1 bazaar.
You also visited: Sewer and Ice Cave.

You collected 3675 gold pieces.
You spent 574 gold pieces at shops.

Inventory:

Hand Weapons
 F - a +2 lajatang of pain
 Q - a +4 demon trident of piercing (weapon)
 R - a +1 trident of flaming
Missiles
 b - 2 javelins of returning (quivered)
Armour
 a - the +3 scale mail of Ixaduaveog (worn) {rF+}
   (Okawaru gifted it to you on level 2 of the Spider Nest)

   It protects you from fire.
 e - a +1 shield of reflection
 i - a +0 large shield
 j - a +1 cloak of invisibility (worn)
 p - a +2 pair of gloves (worn)
 v - a +1 buckler of cold resistance (worn)
 E - the +1 pair of boots of the Slorg (worn) {rN+ Slay+5, Von Dutch}
   (Okawaru gifted it to you on level 3 of the Lair of Beasts)

   It affects your accuracy and damage with ranged weapons and melee attacks
   (+5).
   It protects you from negative energy.
Rods
 l - a +0 rod of inaccuracy (13/13)
   (You found it on level 4 of the Spider Nest)
Jewellery
 m - an uncursed amulet of harm {unknown}
 o - a +3 ring of evasion {unknown}
 y - the ring "Fiankoahuo" (right hand) {rElec MR+ Str+3 Int+4}
   (You found it on level 6 of the Lair of Beasts)

   [ring of protection from magic]

   It affects your strength (+3).
   It affects your intelligence (+4).
   It insulates you from electricity.
   It affects your resistance to hostile enchantments.
 B - an uncursed ring of protection from cold {unknown}
 J - a +4 amulet of reflection (around neck)
 K - a ring of poison resistance (left hand)
 P - an uncursed ring of stealth {unknown}
 W - the ring of Laonagim {Int+3 Stlth+, unknown}
   (You found it in an ice cave)

   [ring of stealth]

   It affects your intelligence (+3).
   It makes you more stealthy.
 X - an uncursed ring of positive energy {unknown}
Wands
 d - a wand of hasting (0/9)
 D - a wand of digging (14/24)
 N - a wand of teleportation (5/9)
 O - a wand of disintegration (15/24)
 S - a wand of disintegration (7/24)
Scrolls
 c - 2 scrolls of identify
 h - a scroll of enchant armour
 n - 9 scrolls of remove curse
 q - 13 scrolls of teleportation
 x - 6 scrolls of fog
 G - a scroll of recharging
 M - a scroll of amnesia
Potions
 f - 2 potions of haste
 k - 2 potions of curing
 r - 3 potions of flight
 t - 2 potions of brilliance
 w - a potion of might {unknown}
 A - a potion of magic
 C - 3 potions of ambrosia
 L - a potion of cancellation
 T - a potion of experience {unknown}
 V - 4 potions of berserk rage {unknown}
Books
 I - a Necronomicon

   Spells                             Type                      Level
   a - Haunt                          Necromancy/Summoning         7
   b - Borgnjor's Revivification      Necromancy                   8
   c - Death's Door                   Charms/Necromancy            8
   d - Necromutation                  Transmutation/Necromancy     8
 Y - a book of Frost

   Spells                             Type                      Level
   a - Freeze                         Ice                          1
   b - Throw Frost                    Conjuration/Ice              2
   c - Ozocubu's Armour               Charms/Ice                   3
   d - Throw Icicle                   Conjuration/Ice              4
   e - Summon Ice Beast               Ice/Summoning                4
 Z - a book of Unlife

   Spells                             Type                      Level
   a - Recall                         Summoning/Translocation      3
   b - Animate Dead                   Necromancy                   4
   c - Control Undead                 Necromancy                   4
   d - Cigotuvi's Embrace             Necromancy                   5
   e - Death Channel                  Necromancy                   6
   f - Simulacrum                     Ice/Necromancy               6
Miscellaneous
 s - an ornate deck of summoning
 H - a crystal ball of energy
Comestibles
 u - a meat ration


   Skills:
 + Level 16.9 Fighting
 + Level 16.9 Polearms
 - Level 1.7 Throwing
 - Level 9.0 Armour
 - Level 14.6 Dodging
 + Level 9.7 Shields
 - Level 10.5 Necromancy
 - Level 8.1 Invocations
 - Level 10.2 Evocations


You had 7 spell levels left.
You knew the following spells:

 Your Spells              Type           Power        Failure   Level  Hunger
a - Regeneration          Chrm/Necr      ###.......   12%         3    ####...
b - Animate Dead          Necr           N/A          3%          4    #####..
c - Control Undead        Necr           ####......   3%          4    #####..


Dungeon Overview and Level Annotations

Branches:
Dungeon (15/15)            Temple (1/1) D:5            Lair (8/8) D:8
  Swamp (4/4) Lair:5       Spider (4/4) Lair:3        Slime (0/6) Lair:6
    Orc (2/2) D:12            Elf (3/3) Orc:2        Vaults (0/5) D:14
 Depths (0/5) D:15

Altars:
Ashenzari
Cheibriados
Dithmenos
Elyvilon
Fedhas
Gozag
Kikubaaqudgha
Makhleb
Nemelex Xobeh
Okawaru
Pakellas
Qazlal
Ru
Sif Muna
Trog
Vehumet
Xom
Yredelemnul
Zin
The Shining One
Beogh

Shops:
D:4 }   D:13 *([   Orc:1 (   Orc:2 }(}[??*


Innate Abilities, Weirdness & Mutations

You have a pair of large antennae on your head (SInv).
A weak demonic guardian rushes to your aid.
You are robust (+10% HP).
When hurt, damage is shared between your health and your magic reserves.
You regenerate magic rapidly.
When low on magic, you restore magic in place of health.
Your movements are significantly less encumbered by armour (ER -6).
You are dopey. (Int -2)


Message History

Your white imp misses the deep elf blademaster.
Casting: Regeneration
Confirm with . or Enter, or press ? or * to list all spells.
Okay, then.
Casting: Regeneration
Confirm with . or Enter, or press ? or * to list all spells.
Your skin crawls.
You block the deep elf blademaster's attack.
The deep elf blademaster hits you with a rapier of holy wrath.
* * * LOW HITPOINT WARNING * * *
You convulse.
* * * LOW HITPOINT WARNING * * *
Your white imp completely misses the deep elf blademaster.
Drink which item? (? for menu, Esc to quit)
You feel better.
You block the deep elf blademaster's attack.
The deep elf blademaster hits you with a rapier of holy wrath!
* * * LOW HITPOINT WARNING * * *
You convulse!
You die...

......# ....^.## .......#
......'## ......#.######
....)###'#...## #######
.....# ##.....## #.....#
##'### #.......#####.....#
#.# #.......'@e.5....##
#.# #.......######..># #.#
##.....## ##.## #.#
##'#...#'## #.#
##'####.##+####.# ###
.)...#.###############
.P.P.'####.#.#...#.#.###
......##...#...#...#...#
......##.#...#.#.#...#.###


You could see a deep elf blademaster and a friendly white imp.

Vanquished Creatures
  Nikola (Swamp:1)
  2 deep elf blademasters (Elf:2)
  The ghost of nikopol the Impaler, an adept MiBe of Trog (Swamp:4)
  Agnes (Elf:2)
  2 thorn hunters (Swamp:4)
  Kirke (Swamp:1)
  Maud (D:11)
  Donald (Swamp:1)
  5 ghost moths
  3 emperor scorpions (Spider:4)
  2 deep elf sorcerers
  Louise (Elf:2)
  2 deep elf elementalists
  2 deep elf demonologists
  Azrael (Spider:3)
  2 spark wasps
  Josephine (Swamp:1)
  2 blizzard demons (IceCv)
  4 ogre magi
  3 yaktaur captains
  2 entropy weavers
  27 hydras
  A catoblepas (D:15)
  2 ghost crabs
  2 centaur warriors
  A satyr (shapeshifter) (Elf:1)
  A tengu warrior (D:15)
  9 death yaks
  8 alligators
  An orc high priest (Elf:1)
  28 dancing weapons
  Urug (Lair:3)
  22 deep elf knights
  Sonja (D:11)
  8 skeletal warriors (D:15)
  The ghost of poirepourri the Skirmisher, a novice DsBe of Trog (D:8)
  7 death scarabs (Spider:4)
  A fire crab (Lair:7)
  A deep troll (D:15)
  6 hill giants
  A wolf spider zombie (D:12)
  14 deep elf archers
  9 swamp dragons
  4 orc knights
  50 deep elf magi
  3 spectral wolf spiders (Spider:4)
  5 hornets
  10 wolf spiders
  4 orb spiders
  7 ugly things
  10 orc sorcerers
  4 griffons
  16 elephants
  5 moths of wrath
  2 manticores (D:15)
  A guardian serpent (D:13)
  5 black mambas
  An ice statue (IceCv)
  A gargoyle (D:12)
  22 spiny frogs
  2 torpor snails
  A komodo dragon (shapeshifter) (Elf:2)
  2 kobold demonologists
  A spectral redback (Spider:4)
  7 freezing wraiths
  11 komodo dragons
  10 demonic crawlers
  3 anaconda simulacra (IceCv)
  4 ice devils (IceCv)
  An efreet (D:15)
  2 yaktaurs (D:14)
  4 redback zombies
  A rime drake (Lair:6)
  A queen bee (Lair:3)
  34 jumping spiders
  16 polar bears
  5 spriggan druids
  2 two-headed ogres
  8 giant leeches
  5 trolls
  2 spectral tarantellas (Spider:4)
  A troll (shapeshifter) (D:13)
  A spectral jumping spider (Spider:4)
  6 slime creatures (D:14)
  2 boulder beetles (Spider:3)
  9 bog bodies
  5 spectral hornets (Spider:4)
  17 blink frogs
  2 jumping spider zombies (Spider:4)
  2 tarantella zombies (Spider:4)
  A redback (shapeshifter) (D:13)
  Sigmund (D:2)
  6 shadows
  4 air elementals
  5 centaur simulacra
  2 dire elephant simulacra (IceCv)
  78 redbacks
  19 tarantellas
  9 wraiths
  46 yaks
  3 water elementals
  A wyvern (D:9)
  7 fire elementals
  16 spriggans
  3 hogs (Swamp:1)
  A hungry ghost (D:14)
  2 basilisks
  2 death yak simulacra (IceCv)
  A steam dragon (Lair:3)
  16 hippogriffs
  3 mottled dragons
  4 wargs
  10 insubstantial wisps
  13 vampire mosquitoes
  26 swamp worms
  6 harpy simulacra (IceCv)
  3 hydra simulacra (IceCv)
  16 water moccasins
  7 porcupines
  2 hell hounds (Spider:3)
  16 orc warriors
  14 swamp drakes
  8 ice beasts
  5 sky beasts
  12 wasps
  8 black bears
  A phantom (D:10)
  An ettin simulacrum (IceCv)
  An alligator simulacrum (IceCv)
  An eye of draining (D:11)
  18 ogres
  26 wolves
  14 crocodiles
  8 centaurs
  The ghost of poirepourri the Grave Robber, an amateur DENe (D:3)
  4 big kobolds
  3 earth elementals (Elf:1)
  A gnoll sergeant (D:10)
  17 giant frogs
  2 water moccasin skeletons
  3 scorpions
  31 killer bees
  An elephant simulacrum (IceCv)
  8 wights
  An electric eel (Lair:5)
  4 howler monkeys
  8 crimson imps
  4 jellies
  7 hounds
  7 centaur zombies
  2 giant frog zombies
  3 draconian simulacra (IceCv)
  36 orc wizards
  2 centaur skeletons
  3 giant frog skeletons
  9 orc priests
  Crazy Yiuf (D:2)
  A gnoll shaman (D:5)
  Jessica (D:2)
  7 iguanas
  5 troll simulacra (IceCv)
  A spriggan simulacrum (IceCv)
  12 worker ants
  A killer bee zombie (D:8)
  4 sheep
  Robin (D:4)
  14 gnolls
  2 ogre simulacra (IceCv)
  16 adders
  A howler monkey skeleton (D:6)
  3 naga simulacra (IceCv)
  52 river rats
  6 shadow imps
  A white imp (IceCv)
  4 oozes
  2 ufetubi (IceCv)
  An adder skeleton (D:3)
  15 worms
  3 dart slugs
  8 giant geckos
  86 orcs
  6 bats
  11 giant cockroaches
  20 goblins
  16 hobgoblins
  9 jackals
  3 quokkas
  A giant cockroach zombie (D:5)
  12 giant newts
  23 kobolds
  A quokka skeleton (D:5)
  3 quokka zombies
  16 rats
  7 plants
1488 creatures vanquished.

Vanquished Creatures (collateral kills)
  3 emperor scorpions (Spider:4)
  A hydra (D:14)
  Erolcha (Orc:2)
  A death scarab (Spider:4)
  A spectral wolf spider (Spider:4)
  A hill giant (D:15)
  5 orb spiders (Spider:4)
  3 deep elf magi
  A wolf spider zombie (Spider:4)
  6 wolf spiders
  2 hornets (Spider:4)
  A moth of wrath (Spider:2)
  A spectral redback (Spider:4)
  6 demonic crawlers
  A troll (Orc:2)
  A spectral tarantella (Spider:4)
  A spectral jumping spider (Spider:4)
  5 jumping spiders
  20 redbacks
  2 yaks
  4 tarantellas
  An ogre (D:7)
  A wolf (Lair:8)
  A phantom (D:4)
  A water moccasin zombie (D:8)
  An electric eel (Spider:1)
  A crimson imp (D:7)
  A hound (D:10)
  An adder (D:8)
  2 gnolls
  An orc (Orc:2)
  3 kobolds
  A goblin (D:4)
82 creatures vanquished.

Vanquished Creatures (others)
  2 deep elf knights
  4 deep elf archers
  A spiny frog (Lair:6)
  A centaur (D:10)
  A jelly (Lair:3)
  A sheep (Lair:6)
  4 white imps (IceCv)
  5 ufetubi (IceCv)
  3 kobolds
  A quokka skeleton (D:7)
  18 fungi
  10 plants
51 creatures vanquished.

Grand Total: 1621 creatures vanquished

Notes
Turn   | Place    | Note
--------------------------------------------------------------
     0 | D:1      | Mesmaeker13 the Demonspawn Gladiator began the quest for the Orb.
     0 | D:1      | Reached XP level 1. HP: 16/16 MP: 1/1
   202 | D:1      | Gained mutation: You have a pair of small antennae on your head. [demonic ancestry]
   202 | D:1      | Reached XP level 2. HP: 23/23 MP: 2/2
   707 | D:1      | Gained mutation: You have a pair of antennae on your head. [demonic ancestry]
   707 | D:1      | Reached XP level 3. HP: 22/28 MP: 3/3
  1027 | D:2      | Noticed Jessica
  1055 | D:2      | Killed Jessica
  1228 | D:2      | Reached XP level 4. HP: 29/35 MP: 4/4
  1646 | D:2      | Noticed Crazy Yiuf
  1657 | D:2      | Killed Crazy Yiuf
  1805 | D:2      | Found a basalt altar of Yredelemnul.
  2285 | D:2      | Gained mutation: A weak demonic guardian rushes to your aid. [demonic ancestry]
  2285 | D:2      | Reached XP level 5. HP: 36/41 MP: 5/5
  2289 | D:2      | Found a snail-covered altar of Cheibriados.
  2305 | D:2      | Found a shattered altar of Ashenzari.
  2526 | D:2      | Noticed Sigmund
  2535 | D:2      | Killed Sigmund
  2535 | D:2      | Gained mutation: You have a pair of large antennae on your head (SInv). [demonic ancestry]
  2535 | D:2      | Reached XP level 6. HP: 46/48 MP: 3/6
  2972 | D:3      | Found a glowing drain.
  2985 | Sewer    | Entered a sewer
  3325 | D:3      | Noticed poirepourri's ghost (amateur DENe)
  3457 | D:3      | Killed poirepourri's ghost
  3457 | D:3      | Gained mutation: When hurt, damage is shared between your health and your magic reserves. [demonic ancestry]
  3457 | D:3      | Reached XP level 7. HP: 55/55 MP: 4/7
  3844 | D:3      | Reached skill level 5 in Fighting
  3844 | D:3      | Reached skill level 5 in Dodging
  4149 | D:4      | Reached skill level 5 in Polearms
  4269 | D:4      | Noticed Robin
  4604 | D:4      | Killed Robin
  5022 | D:4      | Found Ahalytsot's Gadget Shoppe.
  5044 | D:4      | Gained mutation: Your movements are slightly less encumbered by armour (ER -2). [demonic ancestry]
  5044 | D:4      | Reached XP level 8. HP: 64/64 MP: 8/8
  5111 | D:4      | Found a blossoming altar of Fedhas.
  5117 | D:4      | Found an ancient bone altar of Kikubaaqudgha.
  5118 | D:4      | Found an iron altar of Okawaru.
  5122 | D:4      | Found a shadowy altar of Dithmenos.
  5134 | D:4      | Became a worshipper of Warmaster Okawaru
  5254 | D:5      | Entered Level 5 of the Dungeon
  5297 | D:5      | Found a staircase to the Ecumenical Temple.
  5308 | Temple   | Entered the Ecumenical Temple
  5600 | D:5      | Reached skill level 1 in Invocations
  6181 | D:6      | Reached * piety under Okawaru
  6830 | D:6      | Reached XP level 9. HP: 39/71 MP: 8/11
  7198 | D:7      | Found a shimmering altar of Xom.
  7350 | D:7      | Reached ** piety under Okawaru
  7439 | D:7      | Reached skill level 5 in Invocations
  8273 | D:8      | Noticed poirepourri's ghost (novice DsBe)
  8482 | D:8      | Killed poirepourri's ghost
  8482 | D:8      | Reached skill level 1 in Evocations
  8723 | D:8      | Reached *** piety under Okawaru
  8936 | D:8      | Gained mutation: Your movements are less encumbered by armour (ER -4). [demonic ancestry]
  8936 | D:8      | Reached XP level 10. HP: 80/80 MP: 13/13
  9280 | D:8      | Found a staircase to the Lair.
 10123 | D:9      | Got an iridescent dagger
 10124 | D:9      | Identified the +1 dagger "Nenten" {venom, rElec rC+ Str-5 Int+5} (You found it on level 9 of the Dungeon)
 10240 | D:9      | Reached **** piety under Okawaru
 11049 | D:10     | Entered Level 10 of the Dungeon
 11504 | D:10     | Noticed a hill giant
 11536 | D:10     | Killed a hill giant
 11733 | D:10     | Noticed Nergalle
 11774 | D:10     | Noticed Nergalle
 11774 | D:10     | Nergalle changed into Nergalle the hill giant
 11783 | D:10     | Killed Nergalle the hill giant
 11809 | D:10     | Reached ***** piety under Okawaru
 12196 | D:10     | Noticed a hill giant
 12206 | D:10     | Killed a hill giant
 12206 | D:10     | Gained mutation: You regenerate magic rapidly. [demonic ancestry]
 12206 | D:10     | Reached XP level 11. HP: 52/89 MP: 8/14
 12763 | D:10     | Got a pair of heavily runed boots
 12774 | D:10     | Identified the +2 pair of boots of the Volcano {MP-9 Str+5 Dex+4} (You found it on level 10 of the Dungeon)
 12970 | D:10     | Reached skill level 5 in Evocations
 13193 | Lair:1   | Entered Level 1 of the Lair of Beasts
 13324 | Lair:1   | Reached skill level 1 in Shields
 13349 | Lair:1   | Received a gift from Okawaru
 14675 | Lair:2   | Reached skill level 10 in Fighting
 15031 | Lair:2   | Reached ****** piety under Okawaru
 15144 | Lair:2   | Received a gift from Okawaru
 15840 | Lair:3   | Reached XP level 12. HP: 80/98 MP: 7/16
 15843 | Lair:3   | Got a pitted scale mail
 15854 | Lair:3   | Identified the +1 scale mail of Greater Demons {rElec MP+9} (You found it on level 3 of the Lair of Beasts)
 16088 | Lair:3   | Noticed Urug
 16118 | Lair:3   | Killed Urug
 16198 | Lair:3   | Reached skill level 10 in Polearms
 16198 | Lair:3   | Reached skill level 1 in Armour
 16419 | Lair:3   | Noticed a seven-headed hydra
 16421 | Lair:3   | Found a hole to the Spider Nest.
 16433 | Lair:3   | Killed a seven-headed hydra
 16625 | Lair:3   | Received a gift from Okawaru
 16747 | Lair:3   | Got a pair of slimy boots {god gift}
 17302 | Lair:1   | Identified the +1 pair of boots of the Slorg {rN+ Slay+5} (Okawaru gifted it to you on level 3 of the Lair of Beasts)
 17378 | Lair:4   | Noticed a five-headed hydra
 17387 | Lair:4   | Killed a five-headed hydra
 17387 | Lair:4   | Reached skill level 10 in Dodging
 17634 | Lair:4   | Reached skill level 5 in Shields
 18839 | Lair:5   | Found a staircase to the Swamp.
 18869 | Lair:5   | Noticed a death yak
 18870 | Lair:5   | Noticed a death yak
 18870 | Lair:5   | Noticed a death yak
 18874 | Lair:5   | Noticed a death yak
 18886 | Lair:5   | Noticed a death yak
 18895 | Lair:5   | Killed a death yak
 18904 | Lair:5   | Killed a death yak
 18917 | Lair:5   | Killed a death yak
 18917 | Lair:5   | Gained mutation: Your movements are significantly less encumbered by armour (ER -6). [demonic ancestry]
 18917 | Lair:5   | Reached XP level 13. HP: 98/104 MP: 19/19
 18936 | Lair:5   | Received a gift from Okawaru
 19145 | Lair:6   | Got a translucent pewter ring
 19147 | Lair:6   | Identified the ring "Fiankoahuo" {rElec MR+ Str+3 Int+4} (You found it on level 6 of the Lair of Beasts)
 19228 | Lair:6   | Reached skill level 5 in Armour
 19553 | Lair:6   | Found a staircase to the Slime Pits.
 20005 | Lair:7   | Received a gift from Okawaru
 20025 | Lair:7   | Got a bloodstained trident {god gift}
 20408 | Lair:7   | Received a gift from Okawaru
 20600 | Lair:7   | Got a slimy ring mail
 20611 | Lair:7   | Identified the cursed +0 ring mail "Xolauravvo" {Str+3} (You found it on level 7 of the Lair of Beasts)
 20782 | Lair:8   | Entered Level 8 of the Lair of Beasts
 21023 | Lair:8   | Reached XP level 14. HP: 105/111 MP: 21/21
 21330 | Lair:8   | Received a gift from Okawaru
 21645 | Lair:8   | Reached skill level 10 in Evocations
 21996 | Lair:8   | Received a gift from Okawaru
 22204 | Lair:1   | Identified the +4 trident "Fiuv" {flame, rF+ rN+ Str+7 Int-5} (Okawaru gifted it to you on level 7 of the Lair of Beasts)
 22510 | D:11     | Noticed Maud
 22530 | D:11     | Killed Maud
 22566 | D:11     | Noticed Sonja
 22572 | D:11     | Killed Sonja
 23551 | D:12     | Found a staircase to the Orcish Mines.
 23860 | Orc:1    | Entered Level 1 of the Orcish Mines
 23982 | Orc:1    | Found Soeven's Antique Weapon Shoppe.
 24215 | Orc:2    | Entered Level 2 of the Orcish Mines
 24228 | Orc:2    | Found a staircase to the Elven Halls.
 24307 | Orc:2    | Found Wowaast's Gadget Shoppe.
 24371 | Orc:2    | Found a flickering gateway to a bazaar.
 24382 | Bazaar   | Entered a bazaar
 24384 | Bazaar   | Found Vuggi's Jewellery Boutique.
 24388 | Bazaar   | Found Jasobof's Armour Boutique.
 24388 | Bazaar   | Found Gastrafoa's Distillery.
 24388 | Bazaar   | Found Waufoebb's Armour Boutique.
 24420 | Bazaar   | Bought a potion of heal wounds for 95 gold pieces
 24420 | Bazaar   | Bought a potion of heal wounds for 95 gold pieces
 24444 | Orc:2    | Found Rusch's Magic Scroll Shoppe.
 24456 | Orc:2    | Bought a scroll of identify for 28 gold pieces
 24456 | Orc:2    | Bought a scroll of identify for 28 gold pieces
 24456 | Orc:2    | Bought a scroll of identify for 28 gold pieces
 24557 | Orc:2    | Found Bap Wycellej's Assorted Antiques.
 24580 | Orc:2    | Bought a scroll of enchant armour for 180 gold pieces
 25010 | Orc:2    | Reached XP level 15. HP: 115/120 MP: 22/22
 25020 | Orc:2    | Found Muphez's Magic Scroll Shop.
 25049 | Orc:2    | Found an ancient bone altar of Kikubaaqudgha.
 25087 | Orc:2    | Bought a scroll of identify for 30 gold pieces
 25087 | Orc:2    | Bought a scroll of identify for 30 gold pieces
 25107 | Orc:2    | Found Fyorhaum's Gadget Boutique.
 25120 | Orc:2    | Noticed Erolcha
 25125 | Orc:2    | Killed Erolcha
 25126 | Orc:2    | Found a radiant altar of Vehumet.
 25240 | Orc:2    | Found a roughly hewn altar of Beogh.
 25240 | Orc:2    | Found Petuhiff's Antique Armour Boutique.
 25252 | Orc:2    | Found Game's Antique Weapon Shop.
 25764 | D:13     | Found Firarrixy's Weapon Boutique.
 25863 | D:13     | Found Ilyeteam's Assorted Antiques.
 25910 | D:13     | Bought a scroll of identify for 60 gold pieces
 26180 | D:13     | Found Ceacoeso's Armour Boutique.
 26506 | D:14     | Received a gift from Okawaru
 26603 | D:14     | Found a gate to the Vaults.
 26856 | D:14     | Found a labyrinth entrance.
 27441 | D:15     | Entered Level 15 of the Dungeon
 27967 | D:15     | Found a staircase to the Depths.
 28929 | Lair:1   | Learned a level 3 spell: Regeneration
 29060 | Swamp:1  | Entered Level 1 of the Swamp
 29076 | Swamp:1  | Noticed Kirke
 29087 | Swamp:1  | Received a gift from Okawaru
 29113 | Swamp:1  | Killed Kirke
 29187 | Swamp:1  | Received a gift from Okawaru
 29209 | Swamp:1  | Reached XP level 16. HP: 103/130 MP: 23/23
 29410 | Swamp:1  | Noticed Nikola
 29428 | Swamp:1  | Killed Nikola
 29428 | Swamp:1  | Reached skill level 1 in Necromancy
 29433 | Swamp:1  | Noticed Donald
 29475 | Swamp:1  | Killed Donald
 29663 | Swamp:1  | Noticed Josephine
 29677 | Swamp:1  | Killed Josephine
 31085 | Swamp:3  | Received a gift from Okawaru
 31562 | Swamp:4  | Entered Level 4 of the Swamp
 31567 | Swamp:4  | Noticed nikopol's ghost (adept MiBe)
 31722 | Swamp:4  | Reached skill level 5 in Necromancy
 31752 | Swamp:4  | Killed nikopol's ghost
 31831 | Swamp:4  | Noticed a thorn hunter
 32078 | Swamp:4  | Killed a thorn hunter
 32951 | Swamp:4  | Got a decaying rune of Zot
 32976 | Swamp:4  | Noticed a thorn hunter
 32989 | Swamp:4  | Killed a thorn hunter
 32989 | Swamp:4  | Gained mutation: You are robust (+10% HP). [demonic ancestry]
 32989 | Swamp:4  | Reached XP level 17. HP: 118/152 MP: 24/24
 33645 | Lair:1   | Learned a level 4 spell: Animate Dead
 33650 | Lair:1   | Learned a level 4 spell: Control Undead
 33699 | Spider:1 | Entered Level 1 of the Spider Nest
 34094 | Spider:2 | Received a gift from Okawaru
 34243 | Spider:2 | Got a faintly humming scale mail {god gift}
 34266 | Spider:2 | Identified the +3 scale mail of Ixaduaveog {rF+} (Okawaru gifted it to you on level 2 of the Spider Nest)
 34279 | Spider:2 | Reached skill level 15 in Polearms
 36212 | Spider:3 | Received a gift from Okawaru
 36219 | Spider:3 | Got a shimmering trident {god gift}
 36220 | Spider:3 | Identified the +1 trident "Madgheitei" {drain, SInv} (Okawaru gifted it to you on level 3 of the Spider Nest)
 36426 | Spider:3 | Noticed Azrael
 36447 | Spider:3 | Killed Azrael
 37489 | Spider:4 | Entered Level 4 of the Spider Nest
 37565 | Spider:3 | Reached skill level 15 in Fighting
 38625 | Spider:4 | Gained mutation: When low on magic, you restore magic in place of health. [demonic ancestry]
 38625 | Spider:4 | Reached XP level 18. HP: 101/163 MP: 17/25
 38636 | Spider:4 | Reached skill level 10 in Necromancy
 38683 | Spider:4 | Received a gift from Okawaru
 39493 | Spider:4 | Got a gossamer rune of Zot
 39885 | Lair:1   | Identified a +0 rod of inaccuracy (13/13) (You found it on level 4 of the Spider Nest)
 39904 | Lair:1   | Identified a scroll of acquirement
 40143 | Elf:1    | Entered Level 1 of the Elven Halls
 40530 | Elf:1    | Got a pair of jewelled boots
 40541 | Elf:1    | Identified the +0 pair of boots of Benevolence {*Contam Int+5 Dex+4} (You acquired it on level 1 of the Elven Halls)
 40581 | Elf:1    | Gained mutation: You are dopey. (Int -2) [mutagenic glow]
 41030 | Elf:1    | Noticed a Tzitzimitl
 41684 | Elf:2    | Noticed Agnes
 41693 | Elf:2    | Killed Agnes
 41835 | Elf:2    | Received a gift from Okawaru
 41848 | Elf:2    | Found a frozen archway.
 41857 | IceCv    | Entered an ice cave
 44231 | IceCv    | Got a wavering jade ring
 45135 | Elf:2    | Found a runed gate.
 45135 | Elf:2    | Found a runed gate.
 45135 | Elf:2    | Found a runed gate.
 45813 | Elf:2    | Reached XP level 19. HP: 153/173 MP: 23/26
 45954 | Elf:2    | HP: 5/174 [flail of draining (4)]
 46560 | Elf:2    | Noticed Louise
 46574 | Elf:2    | Killed Louise
 47069 | Elf:3    | Entered Level 3 of the Elven Halls
 47703 | Elf:3    | Received a gift from Okawaru
 48046 | Elf:2    | Slain by a deep elf blademaster

Skill      XL: |  1  2  3  4  5  6  7  8  9 10 11 12 13 14 15 16 17 18 19 |
---------------+----------------------------------------------------------+-----
Dodging        | 3 4 5 6 7 8 9 10 11 12 13 14 | 14.6
Polearms       | 3 4 5 6 7 8 9 10 12 13 14 15 16 | 16.9
Fighting       | 3 4 5 6 8 9 10 11 13 14 15 16 | 16.9
Invocations    | 3 5 6 8 |  8.1
Evocations     | 2 4 6 8 9 10 | 10.2
Shields        | 3 5 6 8 9 |  9.7
Armour         | 4 7 8 9 |  9.0
Necromancy     | 6 9 10 | 10.5
Throwing       | |  1.7

Action                   |  1- 3 |  4- 6 |  7- 9 | 10-12 | 13-15 | 16-18 | 19-21 || total
-------------------------+-------+-------+-------+-------+-------+-------+-------++-------
Melee: Trident           |    82 |    34 |   106 |  1001 |  1197 |  1688 |       ||  4108
       Quarterstaff      |       |   176 |   402 |   249 |       |       |       ||   827
       Punch             |       |       |     1 |       |       |       |       ||     1
       Demon trident     |       |       |       |       |   608 |   586 |   391 ||  1585
Throw: Throwing net      |       |     1 |     4 |       |       |       |       ||     5
 Cast: Animate Dead      |       |       |       |       |       |    14 |     4 ||    18
       Regeneration      |       |       |       |       |       |    15 |     9 ||    24
Invok: Heroism           |       |       |     1 |     7 |    31 |    38 |     5 ||    82
       Finesse           |       |       |       |     2 |    15 |    13 |     2 ||    32
 Abil: Evoke Invisibilit |       |     2 |     1 |    11 |     5 |    11 |       ||    30
       Evoke Flight      |       |       |     1 |       |       |       |       ||     1
       Turn Visible      |       |       |       |     1 |       |       |       ||     1
Evoke: Wand              |       |       |       |     3 |       |    11 |       ||    14
  Use: Potion            |     3 |       |     2 |     1 |     1 |    15 |    10 ||    32
       Scroll            |       |     5 |     8 |     4 |    21 |    16 |     3 ||    57
 Stab: Held in net/web   |       |       |     1 |       |       |       |       ||     1
       Invisible         |       |       |     4 |    22 |    27 |    46 |     3 ||   102
       Paralysed         |       |       |     1 |     7 |     2 |       |       ||    10
       Confused          |       |       |       |     3 |       |       |       ||     3
       Petrifying        |       |       |       |     1 |       |       |       ||     1
       Petrified         |       |       |       |     1 |       |       |       ||     1
       Distracted        |       |       |       |     6 |     3 |    13 |     3 ||    25
       Sleeping          |       |       |       |     1 |       |     2 |       ||     3
  Eat: Chunk             |       |     9 |    12 |    34 |    34 |    15 |     5 ||   109
       Bread ration      |       |       |     1 |       |     2 |     7 |       ||    10
       Fruit             |       |       |     3 |     6 |     1 |     3 |       ||    13
       Beef jerky        |       |       |       |       |     1 |     1 |       ||     2
       Meat ration       |       |       |       |       |       |     4 |     1 ||     5
       Pizza             |       |       |       |       |       |     2 |       ||     2
Armor: Ring mail         |    27 |    68 |   152 |   161 |       |       |       ||   408
       Scale mail        |       |       |       |    44 |   209 |   445 |    69 ||   767
Dodge: Dodged            |    39 |   120 |   320 |   574 |   537 |  1166 |   136 ||  2892
Block: Other             |       |       |    18 |    21 |       |       |       ||    39
       Reflection        |       |       |     1 |     2 |    25 |    10 |    25 ||    63
       Buckler           |       |       |       |   266 |   445 |   787 |   127 ||  1625
